Map: Rainfall LE

Players

Arrogfire

  • Race: Protoss Protoss
  • League: Master
  • Spawn Location: 11:00

liquidclem (Clem) - Winner!

  • Race: Terran Terran
  • League: Grandmaster
  • Spawn Location: 5:00

Event: HomeStory Cup XXIX

VOD

Have the link to the VOD?

Description

Time

  • Played on: July 3, 2026, 2 p.m.
  • Length: 11:50

All games in this series

Show
View Real Time Build Order
Export as new Build Order

Arrogfire Protoss 

Build Orders: Blink Stalkers 

Get SALT Encoding   

  8  0:00  Probe (Chrono Boost)  
  9  0:12  Probe (Chrono Boost)  
  10  0:17  Probe (Chrono Boost)  
  11  0:26  Probe  
  12  0:30  Pylon  
  12  0:38  Probe  
  13  0:50  Probe  
  13  0:54  Gateway  
  14  1:03  Probe (Chrono Boost)  
  14  1:04  Assimilator  
  16  1:12  Probe (Chrono Boost)  
  16  1:17  Probe (Chrono Boost)  
  17  1:29  Probe  
  18  1:45  Nexus  
  18  1:54  Cybernetics Core  
  18  1:58  Probe  
  19  2:03  Assimilator  
  19  2:11  Pylon  
  19  2:14  Probe  
  20  2:26  Probe  
  20  2:28  Stalker (Chrono Boost)  
  21  2:31  Warp Gate  
  23  2:38  Probe  
  24  2:48  Twilight Council  
  24  2:50  Probe  
  25  2:57  Probe  
  26  3:00  Stalker  
  26  3:03  Probe  
  29  3:09  Probe  
  30  3:15  Probe  
  30  3:18  Gateway  
  31  3:21  Probe  
  31  3:23  Blink (Chrono Boost)  
  32  3:27  Probe  
  33  3:34  Probe  
  33  3:39  Probe  
  35  3:46  Probe  
  38  3:50  Pylon  
  38  3:52  Probe  
  38  3:53  Sentry  
  39  3:59  Probe  
  39  4:02  Gateway  
  40  4:04  Probe  
  40  4:08  Gateway  
  41  4:11  Probe  
  41  4:15  Pylon  
  41  4:16  Probe  
  43  4:22  Stalker  
  43  4:23  Probe  
  46  4:28  Probe  
  46  4:29  Stalker  
  49  4:35  Probe  
  49  4:37  Assimilator  
  49  4:38  Pylon  
  50  4:43  Probe  
  50  4:45  Stalker  
  53  4:52  Stalker  
  55  5:02  Stalker  
  57  5:14  Stalker x2  
  59  5:18  Pylon  
  61  5:28  Stalker x2  
  61  5:41  Stalker  
  57  5:46  Probe  
  57  5:47  Stalker  
  50  5:57  Probe  
  50  5:58  Probe, Nexus  
  50  6:00  Stalker x2  
  56  6:07  Stalker  
  56  6:09  Probe  
  56  6:10  Probe  
  54  6:19  Stalker  
  54  6:21  Probe (Chrono Boost)  
  54  6:22  Probe (Chrono Boost)  
  54  6:23  Pylon, Stalker  
  54  6:24  Stalker  
  62  6:34  Probe x2 (Chrono Boost)  
  62  6:38  Stalker  
  60  6:46  Probe x2  
  62  6:49  Stalker x3  
  62  6:53  Robotics Facility  
  68  6:54  Gateway  
  68  6:58  Probe  
  65  7:03  Probe  
  65  7:05  Stalker  
  65  7:08  Charge (Chrono Boost)  
  68  7:10  Probe  
  68  7:12  Gateway  
  68  7:15  Probe, Zealot x3  
  74  7:16  Probe  
  76  7:22  Probe  
  76  7:27  Probe  
  75  7:32  Probe  
  73  7:40  Stalker x4  
  73  7:41  Gateway  
  79  7:50  Forge  
  76  7:55  Assimilator  
  76  7:58  Gateway, Shield Battery  
  76  8:00  Zealot  
  76  8:03  Robotics Bay  
  78  8:07  Zealot x4  
  78  8:08  Probe x2  
  78  8:12  Protoss Ground Weapons Level 1 (Chrono Boost)  
  86  8:23  Zealot  
  86  8:25  Pylon  
  86  8:26  Pylon  
  86  8:27  Pylon  
  88  8:32  Pylon  
  88  8:45  Zealot x3, Extended Thermal Lance  
  88  8:46  Zealot  
  96  8:49  Pylon  
  96  8:50  Colossus (Chrono Boost)  
  102  8:56  Probe  
  102  8:57  Pylon  
  103  9:05  Pylon  
  103  9:06  Nexus  
  103  9:07  Zealot x3  
  109  9:15  Stalker x2  
  109  9:29  Nexus  
  109  9:30  Zealot  
  109  9:31  Zealot  
  107  9:34  Colossus (Chrono Boost)  
  107  9:35  Probe  
  96  9:40  Zealot  
  96  9:41  Zealot x3  
  103  9:46  Sentry  
  103  9:49  Probe x2  
  105  9:55  Zealot x2  
  105  9:57  Probe  
  108  10:01  Probe  
  108  10:04  Pylon  
  108  10:05  Pylon  
  107  10:10  Zealot x2  
  107  10:11  Zealot x3  
  104  10:20  Colossus (Chrono Boost)  
  106  10:25  Zealot x3  
  110  10:34  Zealot  
  110  10:35  Zealot x4  
  114  10:41  Probe x2  
  108  10:45  Probe  
  103  10:51  Zealot  
  103  10:53  Probe  
  103  10:54  Probe, Zealot  
  103  10:57  Zealot x5  
  103  10:58  Zealot  
  103  11:01  Zealot  
  93  11:11  Zealot  
  87  11:20  Stalker x3  
  87  11:21  Zealot x3  
  87  11:22  Probe x2  
  87  11:26  Probe  
  84  11:34  Probe  
  84  11:38  Zealot x2  
Show
View Real Time Build Order
Export as new Build Order

liquidclem Terran - Winner!

Build Orders:  

Get SALT Encoding   

  8  0:00  SCV  
  9  0:12  SCV  
  10  0:24  SCV  
  10  0:27  Supply Depot  
  11  0:36  SCV  
  12  0:48  SCV  
  13  0:54  Barracks  
  13  1:00  SCV  
  14  1:06  Refinery  
  14  1:13  SCV  
  15  1:25  SCV  
  16  1:41  Orbital Command, Marine  
  17  2:00  Barracks Reactor  
  17  2:06  SCV  
  18  2:16  Command Center  
  18  2:19  SCV  
  19  2:25  Supply Depot  
  19  2:31  SCV  
  19  2:35  Marine  
  21  2:42  Barracks  
  21  2:46  SCV  
  21  2:49  Marine  
  23  2:54  Barracks  
  23  2:56  Marine  
  24  2:58  SCV  
  25  3:07  Marine  
  25  3:10  SCV  
  27  3:15  Marine  
  28  3:23  SCV  
  29  3:27  Marine  
  29  3:28  Orbital Command  
  29  3:30  Barracks Tech Lab  
  29  3:34  Marine  
  30  3:35  SCV  
  30  3:38  Supply Depot  
  32  3:45  Marine  
  32  3:48  Barracks Tech Lab, Stimpack  
  33  3:49  Marine, SCV  
  33  3:53  SCV  
  33  3:55  Marine  
  37  4:01  SCV  
  38  4:05  SCV, Supply Depot  
  38  4:06  Combat Shield  
  38  4:08  Marine  
  40  4:11  Marauder  
  40  4:13  Marine  
  40  4:15  SCV  
  44  4:18  Marauder  
  44  4:20  SCV  
  44  4:24  Supply Depot  
  47  4:27  SCV  
  47  4:28  Marine  
  47  4:30  Marine  
  50  4:32  SCV  
  50  4:33  Marauder  
  50  4:36  Refinery  
  53  4:40  Marauder  
  53  4:41  SCV  
  53  4:44  SCV  
  57  4:47  Supply Depot  
  57  4:48  Marine x2  
  59  4:53  SCV  
  59  4:55  Marauder  
  59  4:58  SCV, Engineering Bay  
  63  5:05  SCV  
  63  5:06  Marine x2  
  66  5:09  Marauder  
  66  5:10  SCV  
  68  5:16  Refinery  
  68  5:17  SCV  
  68  5:20  Factory  
  69  5:22  SCV  
  69  5:25  Marine x2  
  69  5:27  Marauder  
  69  5:28  Concussive Shells  
  71  5:29  SCV  
  71  5:33  Refinery  
  71  5:34  SCV  
  72  5:36  Supply Depot  
  72  5:38  Marauder  
  72  5:41  SCV  
  66  5:45  Marine x2  
  66  5:46  SCV  
  66  5:49  Marauder  
  69  5:53  SCV  
  64  5:58  SCV  
  64  6:00  Marauder  
  64  6:03  Marine x2  
  66  6:05  SCV  
  66  6:06  Starport  
  66  6:07  Factory Reactor  
  66  6:10  Marauder, SCV  
  67  6:17  SCV  
  62  6:20  Terran Infantry Weapons Level 1  
  62  6:21  Marine x2, Marauder  
  63  6:35  Marauder  
  63  6:38  SCV, Marine  
  63  6:39  Marine, SCV  
  64  6:44  Marauder  
  62  6:50  Factory Reactor  
  62  6:51  SCV x2, Medivac x2  
  66  6:56  Marine x2, Marauder  
  67  7:03  SCV x2  
  67  7:04  Bunker  
  67  7:06  Marauder  
  69  7:14  Marine x2  
  69  7:15  SCV x2  
  73  7:18  Marauder  
  73  7:22  Command Center, Supply Depot  
  75  7:27  SCV x2  
  75  7:28  Marauder, Widow Mine  
  76  7:32  Marine  
  76  7:34  Medivac  
  76  7:36  Medivac  
  77  7:39  SCV  
  77  7:42  Marauder  
  79  7:45  Widow Mine, SCV  
  79  7:48  Marine  
  79  7:49  Supply Depot  
  79  7:50  Marine  
  84  7:55  Widow Mine  
  84  7:57  Supply Depot  
  88  7:58  Marauder  
  88  8:02  SCV  
  88  8:04  SCV  
  90  8:11  Marine x2, Medivac x2, Marauder  
  98  8:16  Supply Depot  
  98  8:19  Widow Mine  
  100  8:20  Terran Infantry Armor Level 1  
  100  8:22  Supply Depot  
  100  8:24  Marauder, SCV  
  100  8:26  SCV  
  104  8:30  Widow Mine  
  104  8:33  Marine x2  
  108  8:36  Marauder  
  108  8:37  SCV  
  108  8:38  Supply Depot  
  111  8:42  SCV  
  111  8:45  Marine, Widow Mine  
  114  8:48  Medivac  
  114  8:52  Marine  
  114  8:53  Supply Depot  
  114  8:54  Marine  
  118  8:57  Marauder  
  118  8:59  Widow Mine  
  118  9:01  Supply Depot  
  122  9:03  Orbital Command  
  122  9:05  Marauder  
  122  9:06  Medivac  
  122  9:08  SCV  
  127  9:10  SCV  
  127  9:14  Marine x2  
  130  9:19  Marauder  
  130  9:20  SCV, Supply Depot  
  130  9:22  SCV  
  134  9:24  Widow Mine x2  
  134  9:25  Marine  
  134  9:27  Medivac  
  135  9:32  SCV  
  135  9:33  Marine  
  135  9:34  SCV  
  135  9:35  SCV  
  135  9:36  Medivac  
  135  9:38  Marine  
  136  9:40  Marauder  
  136  9:44  SCV  
  136  9:45  Supply Depot  
  136  9:47  SCV x2  
  136  9:48  Armory  
  136  9:51  Engineering Bay  
  135  9:54  Widow Mine x2  
  135  9:55  Marine  
  135  9:59  Barracks  
  138  10:01  Marine  
  138  10:02  Barracks  
  138  10:03  Marauder  
  138  10:04  SCV x2  
  138  10:05  SCV  
  143  10:13  Viking  
  141  10:14  Viking  
  141  10:16  Marine, SCV x2  
  141  10:18  Marauder  
  145  10:22  Marine  
  145  10:24  Marauder  
  145  10:26  Refinery  
  145  10:27  Refinery  
  148  10:34  Marine, Widow Mine x2  
  150  10:39  Marauder  
  150  10:40  Marine  
  150  10:42  Supply Depot  
  151  10:46  Marauder  
  151  10:49  Barracks Tech Lab, Barracks Reactor  
  146  10:50  SCV  
  146  10:51  SCV  
  146  10:55  Viking  
  148  11:00  Marine x2, Marauder  
  152  11:06  Marine  
  150  11:14  Widow Mine  
  150  11:15  Widow Mine  
  150  11:16  Command Center  
  152  11:21  Marine x2  
  152  11:24  Marauder x2  
  156  11:30  Supply Depot  
  156  11:31  Marine x2  
  152  11:37  Supply Depot  
Tags
 
Add a new tag
Caveats
  • Supply blocks, unpowered buildings, or Contaminate may cause inaccurate times.
  • Supply counts are checked every 10 seconds.